 Dungeon Crawl Stone Soup version 0.19.4-12-gccf7e64 (webtiles) character file.

99 TryAgain the Magician (level 4, 0/24 HPs)
             Began as a Deep Elf Ice Elementalist on Feb 26, 2017.
             Shot with a stone by a goblin (3 damage)
             ... on level 2 of the Dungeon.
             The game lasted 00:07:21 (1405 turns).

TryAgain the Magician (Deep Elf Ice Elementalist)   Turns: 1405, Time: 00:07:21

Health: 0/24       AC:  2    Str:  5    XL:     4   Next: 45%
Magic:  6/12       EV: 14    Int: 21    God:
Gold:   93         SH:  0    Dex: 15    Spells: 2 memorised, 7 levels left

rFire  . . .     SeeInvis .     f - +0 short sword
rCold  . . .     Gourm    .     a - +0 robe
rNeg   . . .     Faith    .     (no shield)
rPois  .         Spirit   .     (no helmet)
rElec  .         Reflect  .     (no cloak)
rCorr  .         Harm     .     (no gloves)
MR     .....                    (no boots)
Stlth  ++........               (no amulet)
                                (no ring)
                                (no ring)

@: no status effects
A: no striking features
a: no special abilities


You were on level 2 of the Dungeon.
You were not hungry.

You visited 1 branch of the dungeon, and saw 2 of its levels.

You collected 93 gold pieces.

Inventory:

Hand Weapons
 f - a +0 short sword (weapon)
Armour
 a - a +0 robe (worn)
Jewellery
 h - an uncursed amulet of the gourmand {unknown}
Scrolls
 d - a scroll of fear {unknown}
 e - 2 scrolls of remove curse {unknown}
 g - 2 scrolls of teleportation {unknown}
 k - 3 scrolls of identify {unknown}
Potions
 i - 2 potions of experience {unknown}
 j - a potion of haste {unknown}
 l - 2 potions of cure mutation {unknown}
 o - a potion of curing {unknown}
 p - a potion of flight {unknown}
Books
 b - a book of Frost

   Spells                             Type                      Level
   a - Freeze                         Ice                          1
   b - Throw Frost                    Conjuration/Ice              2
   c - Ozocubu's Armour               Charms/Ice                   3
   d - Throw Icicle                   Conjuration/Ice              4
   e - Summon Ice Beast               Ice/Summoning                4
Comestibles
 c - 2 bread rations
 m - 10 fruits
 n - a meat ration


   Skills:
 + Level 3.8 Dodging
 - Level 2.4 Stealth
 + Level 4.4 Spellcasting
   Level 1.1 Conjurations
 + Level 4.2 Ice Magic


You had 7 spell levels left.
You knew the following spells:

 Your Spells              Type           Power        Failure   Level  Hunger
a - Freeze                Ice            ###.         1%          1    None
b - Ozocubu's Armour      Chrm/Ice       ##......     17%         3    ##.....


Dungeon Overview and Level Annotations

Branches:
Dungeon (2/15)

Altars:


Message History

The stone completely misses you.
You see here a stone.
The bat misses you.
The goblin shoots a stone.
The stone misses you.
You see here a stone.
The bat closely misses you.
The goblin shoots a stone.
The stone barely misses you.
You see here 2 stones.
The bat hits you but does no damage.
Casting: Freeze
Confirm with . or Enter, or press ? or * to list all spells.
Aiming: Freeze
Press: ? - help, Shift-Dir - straight line, f - bat
Aim: a bat You freeze the bat.
You kill the bat!
The goblin shoots a stone.
The stone hits you. The stone burns you.
The goblin shoots a stone.
The stone hits you.
* * * LOW HITPOINT WARNING * * *
The stone burns you.
You die...

#8.....8#)# #......
##### #.# #...8..
#...>##### ###.# #..8.8.
#........# #.#.###.8._.8
#........###.#.##...8.8.
#..g...........#.....8..
#.......#.#....#........
#.......#.#..###.###..#.
#......@((...# #. ##.#.
#########(#.## # #÷..
##.. #.#.# #.#. ...
#.... #.#. .. ###.##
#.÷. #. #.#########.#.
#.#####.#...#.......
#†..<...#...#.#.....
#######.......#.#..#


You could see a goblin.

Vanquished Creatures
  Ijyb (D:2)
  An adder (D:2)
  An ooze (D:2)
  A worm (D:2)
  2 dart slugs
  4 leopard geckos
  7 bats
  5 giant cockroaches
  14 goblins
  2 hobgoblins
  2 frilled lizards
  7 kobolds
  A rat (D:2)
48 creatures vanquished.

Notes
Turn   | Place    | Note
-------+----------+-------------------------------------------
     0 | D:1      | TryAgain the Deep Elf Ice Elementalist began the quest for the Orb.
     0 | D:1      | Reached XP level 1. HP: 10/10 MP: 6/6
   473 | D:1      | Reached XP level 2. HP: 15/15 MP: 5/8
   899 | D:2      | Found a faded altar of an unknown god.
   906 | D:2      | Reached XP level 3. HP: 11/19 MP: 8/10
  1200 | D:2      | Learned a level 3 spell: Ozocubu's Armour
  1316 | D:2      | Noticed Ijyb
  1373 | D:2      | Killed Ijyb
  1373 | D:2      | Reached XP level 4. HP: 18/24 MP: 7/12
  1405 | D:2      | Shot with a stone by a goblin

Skill      XL: |  1  2  3 |
---------------+----------+-----
Dodging        | 3 |  3.8
Spellcasting   | 4 |  4.4
Ice Magic      | 4 |  4.2
Stealth        | |  2.4
Conjurations   | |  1.1

Action                   |  1- 3 |  4- 6 || total
-------------------------+-------+-------++-------
Melee: Short sword       |    48 |     6 ||    54
 Cast: Freeze            |    47 |     6 ||    53
 Stab: Sleeping          |     7 |       ||     7
  Eat: Chunk             |     1 |       ||     1
Armor: Robe              |    12 |     3 ||    15
Dodge: Dodged            |    69 |     8 ||    77
